 Dungeon Crawl Stone Soup version 0.17.0-24-gcfadda4 (webtiles) character file.

25 M4edhros the Charlatan (level 3, -4/23 HPs)
             Began as an Octopode Artificer on Nov 16, 2015.
             Slain by puimuR's ghost (16 damage)
             ... on level 3 of the Dungeon.
             The game lasted 00:01:14 (1076 turns).

M4edhros the Charlatan (Octopode Artificer)         Turns: 1076, Time: 00:01:14

Health: -4/23      AC:  1    Str: 10    XL:     3   Next: 4%
Magic:  6/6        EV:  7    Int: 14    God:
Gold:   104        SH:  0    Dex: 13    Spells: 0 memorised, 2 levels left

rFire  . . .     SeeInvis .     k - +2 dagger (holy)
rCold  . . .     Clarity  .     (no shield)
rNeg   . . .     SustAt   .     (helmet restricted)
rPois  .         Gourm    .     (no amulet)
rElec  .         Spirit   .     (no ring)
rCorr  .         Warding  .     (no ring)
rMut   .         Stasis   .     (no ring)
MR     .....                    (no ring)
Stlth  +++.......               (no ring)
                                (no ring)
                                (no ring)
                                (no ring)

@: not resistant to hostile enchantments, fairly stealthy
A: almost no armour, amphibious, 8 rings, constrict 8, camouflage 1, gelatinous
body 1
a: no special abilities


You were on level 3 of the Dungeon.
You were not hungry.

You visited 1 branch of the dungeon, and saw 3 of its levels.

You collected 104 gold pieces.

Inventory:

Hand Weapons
 a - a +0 short sword
 k - a +2 dagger of holy wrath (weapon)
Wands
 b - a wand of flame (15)
 c - a wand of enslavement (15)
 d - a wand of random effects (15)
Scrolls
 g - 3 scrolls of remove curse {unknown}
 h - 2 scrolls of identify {unknown}
 j - a scroll of teleportation {unknown}
 m - a scroll of enchant armour {unknown}
 o - a scroll of enchant weapon {unknown}
Potions
 f - 2 potions of curing
 i - a potion of lignification
 n - a potion of ambrosia
Books
 l - a book of Conjurations

   Spells                             Type                      Level
   a - Magic Dart                     Conjuration                  1
   b - Searing Ray                    Conjuration                  2
   c - Dazzling Spray                 Conjuration/Hexes            3
   d - Fulminant Prism                Conjuration/Hexes            4
   e - Iskenderun's Mystic Blast      Conjuration                  4
   f - Iskenderun's Battlesphere      Conjuration/Charms           5
Comestibles
 e - a bread ration


   Skills:
 - Level 1.0 Fighting
 - Level 1.0 Short Blades
 - Level 2.0 Dodging
 + Level 3.0 Stealth
 + Level 4.0 Evocations


You had 2 spell levels left.
You didn't know any spells.

Dungeon Overview and Level Annotations

Branches:
Dungeon (3/15)

Altars:
Gozag
Sif Muna

Annotations:
D:3 puimuR's ghost, weakling DsGl


Innate Abilities, Weirdness & Mutations

You cannot wear most types of armour.
You are amphibious.
You can wear up to eight rings at the same time.
You can use your tentacles to constrict eight enemies at once.
Your skin changes colour to match your surroundings (Stealth).
Your rubbery body absorbs attacks (AC +1).


Message History

PuimuR's ghost moves out of view.
PuimuR's ghost is too close now for your liking.
There is an open door here.
PuimuR's ghost is nearby!
PuimuR's ghost is nearby!
You closely miss puimuR's ghost. PuimuR's ghost hits you!
Ouch! That really hurt!
An adder comes into view.
There is an open door here.
PuimuR's ghost says, "You will join me soon!"
Found a deep blue altar of Sif Muna.
A worm comes into view.
Found a leather armour.
Found a stone staircase leading down.
PuimuR's ghost keens inconsolably.
PuimuR's ghost says, "What do you have that I didn't have?"
There is a stone staircase leading down here.
PuimuR's ghost hits you!
Ouch! That really hurt!
You die...

#..# ###.. #..# #.w..#
#..# #.##.#
#..######.#...
#..........._.
##########.###.#..##...
...............#..###.#
#.W..........###..
#@#######.#......# #.#
#.#......# #.#
#.##.###.# #.# #..[.#
#.. #.# ###..# ### ..#
#..# ### #..# #...


You could see puimuR's ghost.

Vanquished Creatures
  A giant gecko (D:2)
  2 giant cockroaches (D:1)
  4 goblins
  4 hobgoblins
  A quokka (D:2)
  A bat (D:1)
  5 kobolds
  3 rats
21 creatures vanquished.

Notes
Turn   | Place    | Note
--------------------------------------------------------------
     0 | D:1      | M4edhros the Octopode Artificer began the quest for the Orb.
     0 | D:1      | Reached XP level 1. HP: 13/13 MP: 3/3
   201 | D:1      | Reached XP level 2. HP: 9/18 MP: 4/4
   946 | D:2      | Found an opulent altar of Gozag.
   992 | D:2      | Reached XP level 3. HP: 23/23 MP: 5/5
   994 | D:2      | Reached skill level 4 in Evocations
  1035 | D:3      | Noticed puimuR's ghost (weakling DsGl)
  1053 | D:3      | Found a deep blue altar of Sif Muna.
  1076 | D:3      | Slain by puimuR's ghost

Action                   || total
-------------------------++-------
Melee: Short sword       ||    18
       Dagger            ||    17
  Use: Potion            ||     3
 Stab: Sleeping          ||     9
       Distracted        ||     1
